 Dungeon Crawl Stone Soup version 0.23.0-3-gf3c87f2 (webtiles) character file.

Game seed: 16458180658781242610

107 MalarOregon the Caller (level 4, -1/33 HPs)
             Began as a Merfolk Summoner on Feb 24, 2019.
             Slain by an adder (3 damage)
             ... on level 1 of the Dungeon on Feb 25, 2019.
             The game lasted 00:05:55 (2469 turns).

MalarOregon the Caller (Merfolk Summoner)           Turns: 2469, Time: 00:05:56

Health: -1/33      AC:  2    Str:  8    XL:     4   Next: 85%
Magic:  8/8        EV: 14    Int: 15    God:
Gold:   103        SH:  0    Dex: 14    Spells: 5/8 levels left

rFire    . . .     SeeInvis .   i - +0 short sword (venom)
rCold    . . .     Gourm    .   (no shield)
rNeg     . . .     Faith    .   a - +0 robe
rPois    .         Spirit   .   (no helmet)
rElec    .         Reflect  .   (no cloak)
rCorr    .         Harm     .   (no gloves)
MR       .....                  (no boots)
Stlth    ++........             (no amulet)
HPRegen  0.11/turn              (no ring)
MPRegen  0.11/turn              (no ring)

@: no status effects
A: change form in water, swift swim, stealthy swim
a: no special abilities


You were on level 1 of the Dungeon.
You were not hungry.

You visited 1 branch of the dungeon, and saw 2 of its levels.

You collected 103 gold pieces.

Inventory:

Hand Weapons
 i - a +0 short sword of venom (weapon)
   (You took it off a kobold on level 1 of the Dungeon)
Armour
 a - a +0 robe (worn)
 c - a scarf of resistance
   (You found it on level 1 of the Dungeon)
Scrolls
 b - a scroll of identify {unknown}
 f - a scroll of remove curse {unknown}
 h - a scroll of amnesia {unknown}
 j - a scroll of enchant armour {unknown}
 l - a scroll of fog {unknown}
 m - 2 scrolls of blinking {unknown}
 o - a scroll of random uselessness {unknown}
 p - a scroll of teleportation {unknown}
Potions
 d - a potion of cancellation {unknown}
 g - a potion of heal wounds {unknown}
 k - a potion of brilliance {unknown}
 n - 3 potions of curing {unknown}
 r - a potion of haste {unknown}
Comestibles
 e - 5 rations {!d}
 q - 6 chunks of flesh


   Skills:
 + Level 2.2 Fighting
 + Level 3.9 Dodging
 - Level 2.1 Stealth
 + Level 2.7 Spellcasting
 + Level 4.5 Summonings


You had 5 spell levels left.
You knew the following spells:

 Your Spells              Type           Power        Failure   Level  Hunger
a - Summon Small Mammal   Summ           ###.         3%          1    #......
x - Call Imp              Summ           ###.....     4%          2    ##.....

Your spell library contained the following spells:

 Spells                   Type           Power        Failure   Level  Hunger
 Call Canine Familiar     Summ           ###.....     10%         3    ###....
 Summon Guardian Golem    Hex/Summ       #.......     24%         3    ###....
 Summon Ice Beast         Ice/Summ       #.......     63%         4    #####..
 Summon Lightning Spire   Summ/Air       #.......     63%         4    #####..


Dungeon Overview and Level Annotations

Branches:
Dungeon (2/15)

Altars:


Message History

An adder comes into view.
The bat misses you.
The adder hisses angrily.
You hit the bat.
The bat is poisoned.
The bat closely misses you. The bat misses you. The bat barely misses you.
You hit the bat but do no damage.
The bat looks as sick as possible!
You kill the bat!
The howler monkey skeleton hits you.
You barely miss the howler monkey skeleton.
The howler monkey skeleton misses you.
You barely miss the howler monkey skeleton.
The howler monkey skeleton hits you.
You hit the howler monkey skeleton but do no damage.
The howler monkey skeleton hits you.
You hit the howler monkey skeleton. The howler monkey skeleton hits you.
You hit the howler monkey skeleton.
The howler monkey skeleton closely misses you.
You hit the howler monkey skeleton. The howler monkey skeleton hits you.
There is a stone staircase leading up here.
You hit the howler monkey skeleton.
The howler monkey skeleton completely misses you.
You hit the howler monkey skeleton but do no damage.
The howler monkey skeleton closely misses you.
You hit the howler monkey skeleton. The howler monkey skeleton hits you.
* * * LOW HITPOINT WARNING * * *
You hit the howler monkey skeleton. The howler monkey skeleton misses you.
The adder completely misses you.
The howler monkey skeleton closely misses you.
The adder completely misses you.
You climb upwards.
There is a stone staircase leading down here.
You hit the adder. The adder barely misses you.
You barely miss the adder. The adder misses you. The adder closely misses you.
You barely miss the adder. The adder bites you but does no damage.
You closely miss the adder. The adder bites you.
* * * LOW HITPOINT WARNING * * *
You hit the adder. The adder bites you.
* * * LOW HITPOINT WARNING * * *
The adder barely misses you.
You miss the adder. The adder barely misses you.
You hit the adder. The adder bites you.
* * * LOW HITPOINT WARNING * * *
The adder misses you.
You closely miss the adder. The adder barely misses you.
You completely miss the adder. The adder bites you.
* * * LOW HITPOINT WARNING * * *
The adder bites you.
* * * LOW HITPOINT WARNING * * *
You barely miss the adder. The adder bites you.
You die...

..###.#..........................
..# #.#...................##.....
..#
#.#.......#.##........รท......
..# #.#....####.##....##.........
..# #.#.......^..................
..# #.#..........................
..###.#..#.####.##....##..##.....
................S.....##.........
................@.....##..##.....
...####..#.#....###.#.##..##.....
......#..#.#....##..#.##.........
......(....+.....................
#####.#..#.#.)..##....###.......#
....#.#..#.####.##.#..######....#
....#..).#.......................
....###..######.##...........##..
....# #..# #.##.#.##..........


You could see an adder.

Vanquished Creatures
  Natasha (twice) (D:2)
  2 adders (D:2)
  2 worms (D:2)
  A bat (D:2)
  5 hobgoblins
  7 kobolds
  2 frilled lizards
  2 goblins
  8 rats
31 creatures vanquished.

Vanquished Creatures (collateral kills)
  A worm (D:2)
  A giant cockroach (D:1)
  4 kobolds
  3 bats
  A rat (D:1)
10 creatures vanquished.

Grand Total: 41 creatures vanquished

Notes
Turn   | Place    | Note
-------+----------+-------------------------------------------
     0 | D:1      | MalarOregon the Merfolk Summoner began the quest for the
                  | Orb.
     0 | D:1      | Reached XP level 1. HP: 13/13 MP: 3/3
     3 | D:1      | Noticed an anaconda
   104 | D:1      | Noticed an anaconda
   271 | D:1      | Reached XP level 2. HP: 20/20 MP: 3/5
   555 | D:1      | Reached skill level 1 in Fighting
  1184 | D:2      | Reached XP level 3. HP: 12/26 MP: 4/6
  2027 | D:2      | Noticed Natasha
  2044 | D:2      | Killed Natasha
  2044 | D:2      | Reached XP level 4. HP: 12/33 MP: 7/7
  2285 | D:2      | Learned a level 2 spell: Call Imp
  2366 | D:2      | Noticed Natasha
  2372 | D:2      | Killed Natasha
  2469 | D:1      | Slain by an adder

Skill      XL: |  1  2  3  4 |
---------------+-------------+-----
Dodging        | 3 |  3.9
Fighting       | 1 2 |  2.2
Stealth        | |  2.1
Spellcasting   | |  2.7
Summonings     | |  4.5

Action                   |  1- 3 |  4- 6 || total
-------------------------+-------+-------++-------
Melee: Unarmed           |    15 |       ||    15
       Dagger            |    24 |       ||    24
       Short sword       |    64 |    38 ||   102
 Cast: Summon Small Mamm |    20 |       ||    20
 Stab: Sleeping          |     3 |     2 ||     5
       Distracted        |     1 |       ||     1
  Eat: Chunk             |     4 |     1 ||     5
Armor: Robe              |    10 |     3 ||    13
Dodge: Dodged            |    76 |    27 ||   103
